 Dungeon Crawl Stone Soup version 0.20.1-1-g8b1a95d (webtiles) character file.

302 Peloso the Shield-Bearer (level 6, -8/56 HPs)
             Began as a Deep Dwarf Fighter on Aug 16, 2017.
             Mangled by Menkaure (11 damage)
             ... on level 5 of the Dungeon.
             The game lasted 00:06:55 (3224 turns).

Peloso the Shield-Bearer (Deep Dwarf Fighter)       Turns: 3224, Time: 00:06:56

Health: -8/56      AC: 11    Str: 22    XL:     6   Next: 14%
Magic:  6/6        EV:  8    Int:  8    God:
Gold:   419        SH: 10    Dex: 12    Spells: 5/5 levels left

rFire    . . .     SeeInvis .   a - +0 long sword
rCold    + . .     Gourm    .   c - +0 shield
rNeg     . . .     Faith    .   m - +1 scale mail {rC+}
rPois    .         Spirit   .   (no helmet)
rElec    .         Reflect  .   (no cloak)
rCorr    .         Harm     .   v - +0 pair of gloves
MR       .....                  t - +1 pair of boots
Stlth    ..........             (no amulet)
Regen    0.0/turn               (no ring)
MPRegen  0.1/turn               (no ring)

@: non-regenerating
A: damage resistance, heal wounds, sense surroundings 1, no regeneration
a: Heal Wounds


You were on level 5 of the Dungeon.
You were not hungry.

You visited 1 branch of the dungeon, and saw 5 of its levels.

You collected 419 gold pieces.

Inventory:

Hand Weapons
 a - a +0 long sword (weapon)
 i - a +3 dagger
Armour
 c - a +0 shield (worn)
 m - a +1 scale mail of cold resistance (worn)
 t - a +1 pair of boots (worn)
 v - a +0 pair of gloves (worn)
Scrolls
 b - 2 scrolls of magic mapping {unknown}
 g - a scroll of fog {unknown}
 h - 3 scrolls of amnesia {unknown}
 j - 2 scrolls of identify {unknown}
 l - 3 scrolls of teleportation {unknown}
 n - a scroll of noise {unknown}
 r - a scroll of fear {unknown}
Potions
 d - a potion of might
 e - 3 potions of lignification {unknown}
 k - 2 potions of agility {unknown}
 o - a potion of flight {unknown}
 q - 3 potions of curing {unknown}
 s - a potion of degeneration {unknown}
Books
 w - a book of Geomancy

   Spells                             Type                      Level
   a - Sandblast                      Earth                        1
   b - Passwall                       Transmutation/Earth          2
   c - Stone Arrow                    Conjuration/Earth            3
   d - Petrify                        Transmutation/Earth          4
   e - Lee's Rapid Deconstruction     Earth                        5
Comestibles
 f - 5 bread rations
 p - a royal jelly
 u - a meat ration
 x - a chunk of flesh


   Skills:
 + Level 3.3 Fighting
 + Level 3.7 Long Blades
 + Level 4.5 Armour
 + Level 1.5 Dodging
 + Level 0.6 Stealth
 + Level 5.0 Shields


You had 5 spell levels left.
You didn't know any spells.

Dungeon Overview and Level Annotations

Branches:
Dungeon (5/15)
 Temple: D:4-7

Altars:
Fedhas
Nemelex Xobeh
Uskayaw
Yredelemnul

Annotations:
D:4 2 transporters
D:5 Menkaure


Innate Abilities, Weirdness & Mutations

You are resistant to damage.
You can heal yourself by infusing magical energy.
You passively map a small area around you.
You do not regenerate.


Message History

Menkaure shouts!
Menkaure mumbles some strange words.
Menkaure seems to speed up.
You barely miss Menkaure. Menkaure hits you but does no damage.
You block Menkaure's attack.
You hit Menkaure.
Menkaure is lightly damaged.
Menkaure calls on the powers of darkness!
Your body is wracked with pain!
* * * LOW HITPOINT WARNING * * *
You hit Menkaure but do no damage.
Menkaure is lightly damaged.
Menkaure barely misses you.
Menkaure gestures at you while chanting.
Pain shoots through your body!
* * * LOW HITPOINT WARNING * * *
You hit Menkaure.
Menkaure is lightly damaged.
Menkaure hits you!
You die...

* , * #.>......#
#........# ,
#........#
#........### *
#..........#
###*#........#.#
,*
##..##.##'#<..#.#
+ ,
#......##.#####.#
,
#.%M@..##.......#
#......##########
, , ##..##.... ,
* ** ### ###### ,
,, * * ** * *


You could see Menkaure.

Vanquished Creatures
  A crimson imp (D:4)
  2 orc wizards (D:4)
  Terence (D:2)
  A worker ant (D:4)
  5 adders
  A gnoll (D:1)
  A shadow imp (D:4)
  A worm (D:2)
  7 leopard geckos
  4 orcs
  A ball python (D:2)
  9 bats
  6 giant cockroaches
  9 goblins
  11 hobgoblins
  4 jackals (D:2)
  5 frilled lizards
  9 kobolds
  A leopard gecko skeleton (D:3)
  12 rats
91 creatures vanquished.

Notes
Turn   | Place    | Note
-------+----------+-------------------------------------------
     0 | D:1      | Peloso the Deep Dwarf Fighter began the quest for the Orb.
     0 | D:1      | Reached XP level 1. HP: 20/20 MP: 1/1
   174 | D:1      | Reached XP level 2. HP: 20/27 MP: 2/2
   593 | D:1      | Reached XP level 3. HP: 16/33 MP: 3/3
   770 | D:2      | Noticed Terence
   790 | D:2      | Killed Terence
   849 | D:2      | Reached XP level 4. HP: 37/42 MP: 4/4
  1299 | D:2      | Reached skill level 4 in Shields
  1766 | D:3      | Found a blossoming altar of Fedhas.
  1863 | D:3      | Reached skill level 1 in Dodging
  2109 | D:3      | Reached XP level 5. HP: 35/49 MP: 5/5
  2143 | D:3      | Found a sparkling altar of Nemelex Xobeh.
  2589 | D:4      | Found a transporter.
  2680 | D:4      | Reached XP level 6. HP: 28/56 MP: 6/6
  2951 | D:4      | Found a basalt altar of Yredelemnul.
  2973 | D:4      | Reached skill level 5 in Shields
  3032 | D:4      | Found a hide-covered altar of Uskayaw.
  3057 | D:4      | Found a transporter.
  3200 | D:5      | Entered Level 5 of the Dungeon
  3218 | D:5      | Noticed Menkaure
  3224 | D:5      | Mangled by Menkaure

Skill      XL: |  1  2  3  4  5  6 |
---------------+-------------------+-----
Fighting       | 3 |  3.3
Armour         | 4 |  4.5
Long Blades    | 3 |  3.7
Shields        | 4 5 |  5.0
Dodging        | 1 |  1.5
Stealth        | |  0.6

Action                   |  1- 3 |  4- 6 || total
-------------------------+-------+-------++-------
Melee: Long sword        |   102 |   265 ||   367
 Abil: Heal Wounds       |     1 |       ||     1
  Eat: Chunk             |       |     8 ||     8
Armor: Scale mail        |    41 |   115 ||   156
Dodge: Dodged            |    24 |    87 ||   111
Block: Shield            |    58 |   147 ||   205
       Rpst.: Long sword |    10 |    16 ||    26
